 Dungeon Crawl Stone Soup version 0.26-a0-712-ga5a9c9c9d0 (webtiles) character file.

Game seed: 2833300796887806478

51073 snonk1 the Spear-Bearer (level 14, -16/130 HPs)
             Began as a Minotaur Berserker on Nov 1, 2020.
             Was a High Priest of Trog.
             Hit by a large rock thrown by a stone giant (22 damage)
             ... on level 1 of the Depths.
             The game lasted 01:50:06 (20332 turns).

snonk1 the Spear-Bearer (Minotaur Berserker)       Turns: 20332, Time: 01:50:07

Health: -16/130    AC: 27    Str: 29    XL:     14   Next: 22%
Magic:  13/13      EV: 15    Int: 10    God:    Trog [*****.]
Gold:   1009       SH:  0    Dex: 14    Spells: 13/13 levels left

rFire    + + .     SeeInvis .   K - +1 glaive (vorpal)
rCold    . . .     Faith    .   (shield currently unavailable)
rNeg     . . .     Spirit   .   u - +8 plate armour
rPois    .         Reflect  .   (helmet restricted)
rElec    .         Harm     .   N - +0 cloak
rCorr    .         Rampage  .   D - +0 pair of gloves
MR       ++...     Clarity  +   (no boots)
Stlth    ..........             (no amulet)
HPRegen  0.31/turn              i - +6 ring of strength
MPRegen  0.13/turn              G - ring "Vatypsytis" {rF++ MR+ Int+6 Stlth+}

@: mighty, berserk cooldown, slowed, very slow
A: retaliatory headbutt, horns 2, blurry vision 1, clarity, MP-powered wands
a: Berserk, Trog's Hand, Brothers in Arms, Renounce Religion


You were on level 1 of the Depths.
You worshipped Trog.
Trog was extremely pleased with you.
You visited 2 branches of the dungeon, and saw 16 of its levels.

You collected 1009 gold pieces.

Inventory:

Hand Weapons
 a - a +0 spear
 g - a +0 hunting sling
 n - a +1 vorpal halberd
 C - a +4 dagger of chaos
 H - a +2 halberd of distortion
 K - a +1 vorpal glaive (weapon)
 O - a +2 vorpal halberd
 Q - a +0 vampiric dagger
 R - the +4 quarterstaff "Yreysol" {flame, rF+ rN+++ MR- Dex-2, unknown}
   (Trog gifted it to you on level 1 of the Depths)

   It has been specially enchanted to burn those struck by it, causing extra
   injury to most foes and up to half again as much damage against particularly
   susceptible opponents.
   It affects your dexterity (-2).
   It protects you from fire.
   It renders you almost immune to negative energy.
   It affects your resistance to hostile enchantments.
Missiles
 c - 378 stones
 f - 14 curare-tipped darts
 y - 71 poisoned darts (quivered)
Armour
 s - a +3 ring mail
 u - a +8 plate armour (worn)
 B - a scarf of resistance
 D - a +0 pair of gloves (worn)
 I - +0 steam dragon scales
 N - a +0 cloak (worn)
Jewellery
 e - an uncursed ring of stealth
 i - a +6 ring of strength (left hand)
 o - an uncursed ring of magical power
 t - an uncursed ring of protection from cold
 G - the ring "Vatypsytis" (right hand) {rF++ MR+ Int+6 Stlth+}
   (You found it on level 7 of the Dungeon)

   [ring of intelligence]

   It affects your intelligence (+6).
   It greatly protects you from fire.
   It affects your resistance to hostile enchantments.
   It makes you more stealthy.
Wands
 m - a wand of polymorph (19)
 w - a wand of digging (3)
 E - a wand of flame (32)
Scrolls
 b - 5 scrolls of teleportation
 k - 3 scrolls of magic mapping
 l - 6 scrolls of remove curse
 q - 7 scrolls of identify
 r - 2 scrolls of amnesia
 v - 2 scrolls of fear
 x - a scroll of acquirement {unknown}
 z - 2 scrolls of immolation
 F - a scroll of summoning
 S - a scroll of blinking
Potions
 d - 5 potions of flight
 j - 4 potions of brilliance
 p - 2 potions of might
 A - 2 potions of ambrosia
 J - a potion of lignification
 M - 2 potions of haste
 P - a potion of stabbing
Miscellaneous
 h - a condenser vane (2/2)
 L - a lightning rod (4/4)


   Skills:
 + Level 13.7 Fighting
 + Level 13.7 Polearms
 + Level 11.0 Throwing
 + Level 13.3 Armour
 + Level 12.4 Dodging


You had 13 spell levels left.
You didn't know any spells.
Your spell library contained the following spells:

 Spells                   Type           Power        Failure   Level
 Animate Skeleton         Necr           #.....       94%         1
 Apportation              Tloc           #.....       94%         1
 Corona                   Hex            #......      94%         1
 Magic Dart               Conj           #...         94%         1
 Sandblast                Erth           #.....       94%         1
 Shock                    Conj/Air       #...         94%         1
 Summon Small Mammal      Summ           #...         94%         1
 Blink                    Tloc           N/A          98%         2
 Call Imp                 Summ           #.......     98%         2
 Passwall                 Tmut/Erth      #.......     98%         2
 Slow                     Hex            #.......     98%         2
 Swiftness                Air            #.......     98%         2
 Conjure Flame            Conj/Fire      #.......     100%        3
 Mephitic Cloud           Conj/Pois/Air  #.......     100%        3
 Static Discharge         Conj/Air       #.......     100%        3
 Stone Arrow              Conj/Erth      #.....       100%        3
 Airstrike                Air            #.........   100%        4
 Petrify                  Tmut/Erth      #.......     100%        4
 Lee's Rapid Deconstruct  Erth           #.........   100%        5
 Lightning Bolt           Conj/Air       #.........   100%        5


Dungeon Overview and Level Annotations

Branches:
Dungeon (15/15)            Temple (0/1) D:5            Lair (0/6) D:11
    Orc (0/2) D:10         Vaults (0/5) D:13         Depths (1/5) D:15

Altars:
Cheibriados
Elyvilon
Hepliaklqana
Okawaru
Ru
Uskayaw

Shops:
D:5 *   D:7 [   D:11 [   D:13 *

Portals:
Hell: Depths:1
Bailey: D:8


Innate Abilities, Weirdness & Mutations

You reflexively headbutt those who attack you in melee.
You have a pair of horns on your head.
Scrolls take you a little longer to read.
You possess an exceptional clarity of mind.
You expend magic power (3 MP) to strengthen your wands.


Message History

A stone giant is nearby!
A stone giant comes into view.
You see here a scroll of blinking.
S - a scroll of blinking The stone giant throws a large rock.
The large rock hits you!!
* * * LOW HITPOINT WARNING * * *
The stone giant throws a large rock.
The large rock hits you.
* * * LOW HITPOINT WARNING * * *
The stone giant throws a large rock.
The large rock barely misses you.
You see here 2 large rocks.
The stone giant throws a large rock.
The large rock hits you!
* * * LOW HITPOINT WARNING * * *
You see here a large rock.
You feel very mighty all of a sudden.
The stone giant throws a large rock.
The large rock completely misses you.
The stone giant throws a large rock.
The large rock hits you.
* * * LOW HITPOINT WARNING * * *
The stone giant throws a large rock.
The large rock closely misses you.
The stone giant throws a large rock.
The large rock hits you!!
You die...

.#................ ..#.
.####.##.##...#.####...
...................C..
.#...................
..............#.##..
.#..#.##......#.##.# #
....#.##........##.#.# ##
......##..##..#(##C#.#....
##..............@(C.......
..#...........#(##(#.##.##
..#...###.##..#.##.#.#
...#..# #∩ #..####.. .
.#.# .. # #..# #.#.##
.#..# ...# #.... .. .# ##
#.# ## .. ..# #..


You could see 2 stone giants.

Vanquished Creatures
  An ironheart preserver (D:13)
  Snorg (D:13)
  Erolcha (D:9)
  3 hydras
  An ice dragon (Depths:1)
  3 centaur warriors
  A boulder beetle (D:14)
  6 two-headed ogres
  An ogre mage (D:15)
  4 tengu warriors
  A vampire mage (D:15)
  2 skeletal warriors (D:15)
  A spark wasp zombie (D:15)
  A flayed ghost (Depths:1)
  4 unseen horrors
  A glowing orange brain (Depths:1)
  A deep troll (D:12)
  A necromancer (D:15)
  Pikel (D:9)
  14 ugly things
  A cyclops (D:13)
  2 manticores (D:14)
  A frost giant zombie (D:15)
  Maurice (D:13)
  6 molten gargoyles (D:13)
  A guardian serpent (shapeshifter) (D:15)
  Maggie (D:9)
  A freezing wraith (D:15)
  2 komodo dragons
  5 yaktaurs (Depths:1)
  A redback zombie (D:13)
  2 tengu conjurers (Depths:1)
  4 trolls
  A troll (shapeshifter) (D:14)
  3 meliai (D:15)
  2 hornets
  Grinder (D:3)
  5 slime creatures
  A spriggan zombie (D:15)
  A deep troll zombie (D:15)
  A vampire (D:12)
  2 wraiths
  A centaur simulacrum (D:14)
  3 wyverns
  A human (D:10)
  A hog (shapeshifter) (Depths:1)
  A basilisk (D:13)
  3 wargs
  12 vampire mosquitoes
  2 soldier ants
  9 orc warriors
  2 hornet zombies
  3 ice beasts
  3 black bears
  4 sky beasts
  A necrophage (D:10)
  3 phantoms
  9 ogres
  19 centaurs
  4 lemures (D:9)
  3 big kobolds
  11 bullfrogs
  A wyvern zombie (D:14)
  6 scorpions
  A wyvern skeleton (D:8)
  3 wights (D:13)
  13 killer bees
  2 howler monkeys
  3 jellies
  3 centaur zombies
  A quasit (D:14)
  3 hounds
  A bullfrog skeleton (D:3)
  12 orc priests
  3 centaur skeletons
  18 orc wizards
  2 iguanas
  7 worker ants
  A hound skeleton (D:6)
  A worker ant zombie (D:11)
  12 gnolls
  12 adders
  A white imp (D:7)
  2 oozes
  2 adder skeletons
  A worm (D:3)
  2 dart slugs (D:1)
  4 leopard geckos
  56 orcs
  6 giant cockroaches
  10 goblins
  6 hobgoblins
  18 jackals
  18 kobolds
  5 quokkas
  2 ball pythons
  4 bats
  2 frilled lizards
  A jackal skeleton (D:4)
  A jackal zombie (D:6)
  A leopard gecko skeleton (D:4)
  7 rats
443 creatures vanquished.

Vanquished Creatures (collateral kills)
  Sonja (D:10)
1 creature vanquished.

Vanquished Creatures (others)
  2 plants (D:11)
  14 withered plants (D:15)
16 creatures vanquished.

Grand Total: 460 creatures vanquished

Notes
Turn   | Place    | Note
-------+----------+-------------------------------------------
     0 | D:1      | snonk1 the Minotaur Berserker began the quest for the Orb.
     0 | D:1      | Reached XP level 1. HP: 19/19 MP: 0/0
   398 | D:1      | Reached XP level 2. HP: 22/27 MP: 1/1
  1020 | D:2      | Reached XP level 3. HP: 33/33 MP: 2/2
  1438 | D:2      | Reached ** piety under Trog
  1438 | D:2      | Reached XP level 4. HP: 18/41 MP: 3/3
  2179 | D:3      | Reached XP level 5. HP: 47/47 MP: 4/4
  2269 | D:3      | Reached skill level 5 in Polearms
  2534 | D:3      | Reached skill level 5 in Fighting
  2707 | D:3      | Found a sacrificial altar of Ru.
  2730 | D:3      | Noticed Grinder
  2741 | D:3      | Paralysed by Grinder for 6 turns
  2752 | D:3      | Paralysed by Grinder for 3 turns
  2768 | D:3      | Paralysed by Grinder for 3 turns
  2773 | D:3      | Killed Grinder
  2773 | D:3      | Reached skill level 1 in Throwing
  2773 | D:3      | Reached XP level 6. HP: 18/56 MP: 5/5
  3064 | D:3      | Reached XP level 7. HP: 14/62 MP: 6/6
  3449 | D:3      | Found a hazy altar of Hepliaklqana.
  3515 | D:3      | Gained mutation: Scrolls take you a little longer to read.
                  | [potion of mutation]
  3515 | D:3      | Gained mutation: You expend magic power (3 MP) to
                  | strengthen your wands. [potion of mutation]
  3515 | D:3      | Gained mutation: You possess an exceptional clarity of
                  | mind. [potion of mutation]
  4048 | D:4      | Reached skill level 5 in Armour
  4490 | D:5      | Entered Level 5 of the Dungeon
  4613 | D:5      | Found Ruifeph's General Store.
  4626 | D:5      | Reached *** piety under Trog
  4675 | D:5      | Reached skill level 5 in Dodging
  4787 | D:5      | Found a hide-covered altar of Uskayaw.
  4810 | D:5      | Reached XP level 8. HP: 71/71 MP: 7/7
  4997 | D:5      | Found a staircase to the Ecumenical Temple.
  5329 | D:6      | Found an iron altar of Okawaru.
  6041 | D:7      | Found Degeqov's Antique Armour Boutique.
  6251 | D:7      | Reached **** piety under Trog
  6447 | D:7      | Reached XP level 9. HP: 54/79 MP: 8/8
  6750 | D:7      | Got a transparent marble ring
  6753 | D:7      | Identified the ring "Vatypsytis" {rF++ MR+ Int+6 Stlth+}
                  | (You found it on level 7 of the Dungeon)
  7328 | D:8      | Found a flagged portal.
  7628 | D:8      | Found a snail-covered altar of Cheibriados.
  7874 | D:9      | Reached skill level 5 in Throwing
  7878 | D:9      | Noticed Erolcha
  7889 | D:9      | Killed Erolcha
  7987 | D:9      | Reached ***** piety under Trog
  8169 | D:9      | Noticed Psyche
  8189 | D:9      | Noticed Psyche
  8191 | D:9      | Noticed Pikel
  8194 | D:9      | Paralysed by Psyche for 3 turns
  8198 | D:9      | Killed Psyche the hornet
  8198 | D:9      | Reached XP level 10. HP: 43/90 MP: 9/9
  8205 | D:9      | Killed Pikel
  8421 | D:9      | Noticed Maggie
  8436 | D:9      | Killed Maggie
  8528 | D:10     | Entered Level 10 of the Dungeon
  9097 | D:10     | Noticed Sonja
  9126 | D:10     | Killed Sonja
  9617 | D:10     | Received a gift from Trog
 10142 | D:10     | Found a staircase to the Orcish Mines.
 10405 | D:11     | Found Mieqiroi's Armour Shop.
 10571 | D:11     | Found a gate leading to a gauntlet.
 10709 | D:11     | Found a staircase to the Lair.
 10905 | D:11     | Reached skill level 10 in Fighting
 10905 | D:11     | Reached skill level 10 in Polearms
 11032 | D:12     | Noticed a manticore
 11034 | D:12     | Noticed a deep troll
 11034 | D:12     | a manticore changed into a deep troll
 11045 | D:12     | Killed a deep troll
 11045 | D:12     | Reached XP level 11. HP: 47/99 MP: 7/10
 11979 | D:12     | Noticed a four-headed hydra
 11989 | D:12     | Killed a ten-headed hydra
 12439 | D:12     | Reached skill level 10 in Armour
 12741 | D:12     | Killed an unseen horror
 13365 | D:13     | Noticed Maurice
 13378 | D:13     | Killed Maurice
 13427 | D:13     | Noticed a white ugly thing
 13430 | D:13     | Killed an unseen horror
 13439 | D:12     | Killed a white ugly thing
 13819 | D:13     | Found a gate to the Vaults.
 13819 | D:13     | Noticed an ironheart preserver
 13819 | D:13     | Noticed a tengu warrior
 13826 | D:13     | Killed a tengu warrior
 13835 | D:13     | Killed an ironheart preserver
 13887 | D:13     | Reached skill level 10 in Dodging
 13887 | D:13     | Reached XP level 12. HP: 68/110 MP: 11/11
 14363 | D:13     | Found Cit Hyim's General Store.
 14429 | D:13     | Noticed a centaur warrior
 14453 | D:13     | Killed a centaur warrior
 14694 | D:13     | Noticed a two-headed ogre
 14719 | D:13     | Killed a two-headed ogre
 14762 | D:13     | Noticed Snorg
 14801 | D:13     | Killed Snorg
 15838 | D:14     | Reached XP level 13. HP: 114/119 MP: 12/12
 16018 | D:14     | Received a gift from Trog
 16293 | D:14     | Reached skill level 10 in Throwing
 16590 | D:14     | Found a white marble altar of Elyvilon.
 16832 | D:15     | Entered Level 15 of the Dungeon
 19085 | D:15     | Found a staircase to the Depths.
 19840 | Depths:1 | Entered Level 1 of the Depths
 19847 | Depths:1 | Reached XP level 14. HP: 129/129 MP: 13/13
 20249 | Depths:1 | Received a gift from Trog
 20252 | Depths:1 | Got an ancient quarterstaff {god gift}
 20289 | Depths:1 | Found a gateway to Hell.
 20323 | Depths:1 | Noticed a stone giant
 20326 | Depths:1 | Noticed a stone giant
 20332 | Depths:1 | HP: 6/130 [stone giant/large rock (5)]
 20332 | Depths:1 | Hit by a large rock thrown by a stone giant

Illustrated notes

Levels and vault maps discovered:
D:1:      co_arrival_random_square_maze, layout_loops_ring, nrook_loot_triangle,
          glass_columns_a
D:2:      layout_basic
D:3:      layout_rooms, nicolae_overflow_hidden_temple,
          nicolae_ru_path_of_blood, serial_glass, glass_columns_a,
          glass_columns_c, minmay_puff, uniq_grinder
D:4:      layout_basic, minmay_close_crescents
D:5:      layout_basic, kennysheep_mini_moat, overflow_temple_1_default,
          minmay_temple_entry_arrows, serial_shops, nicolae_shop_crystal
D:6:      layout_gridville, okawaru_gym_becter
D:7:      layout_gridville, serial_shops, nicolae_shop_waterfront, eino_jars
D:8:      layout_cave_pools, lemuel_doored_altar, enter_bailey_3
D:9:      layout_basic, uniq_maggie, uniq_psyche, uniq_pikel, uniq_erolcha
D:10:     layout_layer_cave, erik_orc_4, minmay_stone_trees_small, uniq_sonja
D:11:     layout_roguey, david_lair_shrubbed, serial_shops, shop_statue,
          gauntlet_entry_generic
D:12:     layout_stronghold
D:13:     cheibrodos_statue_roulette, layout_basic,
          skrybe_vaults_entry_preservation, serial_shops, nicolae_shop_crystal,
          minmay_misc_feat_room, uniq_maurice, uniq_snorg
D:14:     layout_cave_pools, lemuel_round_altar
D:15:     gammafunk_depths_entry_grave, layout_basic, hangedman_decor_lopped
Depths:1: layout_basic, kennysheep_small_spiral, hell_entry,
          serial_sigils_hangedman_gut, st_stairs_4, hangedman_research_geology,
          minmay_shop_grove, uniq_saint_roka

Skill      XL: |  1  2  3  4  5  6  7  8  9 10 11 12 13 14 |
---------------+-------------------------------------------+-----
Polearms       | 4 5 6 7 8 10 11 12 13 | 13.7
Fighting       | 4 5 6 7 8 10 11 12 13 | 13.7
Armour         | 3 4 5 6 8 9 10 12 13 | 13.3
Dodging        | 3 4 5 6 7 8 10 11 12 | 12.4
Throwing       | 1 2 3 4 5 7 8 9 10 11 | 11.0

Action                   |  1- 3 |  4- 6 |  7- 9 | 10-12 | 13-15 || total
-------------------------+-------+-------+-------+-------+-------++-------
Melee: Spear             |    81 |     2 |       |       |       ||    83
       Headbutt          |    11 |     5 |    51 |   101 |   107 ||   275
       Halberd           |       |    65 |   258 |   108 |       ||   431
       Glaive            |       |       |       |   373 |   368 ||   741
Throw: Dart              |       |       |    11 |    10 |    23 ||    44
Invok: Berserk           |     1 |     3 |     7 |    14 |     5 ||    30
       Brothers in Arms  |       |       |       |     2 |       ||     2
       Trog's Hand       |       |       |       |     1 |       ||     1
Evoke: Wand              |       |       |       |    22 |    24 ||    46
  Use: Scroll            |     4 |     3 |    17 |     9 |     1 ||    34
       Potion            |       |       |    10 |     6 |     2 ||    18
 Stab: Sleeping          |     1 |       |       |       |       ||     1
       Distracted        |       |       |       |     1 |       ||     1
Armor: Animal skin       |     1 |       |       |       |       ||     1
       Leather armour    |    16 |     3 |       |       |       ||    19
       Chain mail        |       |    13 |    13 |       |       ||    26
       Plate armour      |       |       |   142 |   413 |   273 ||   828
Dodge: Dodged            |    28 |    29 |   122 |   389 |   269 ||   837
Block: Tower shield      |     9 |       |       |       |       ||     9

Table legend: (Time is in decaauts)
 A = Elapsed time spent in this place.
 B = Non-inter-level travel time spent in this place.
 C = Inter-level travel time spent in this place.
 D = Time resting spent in this place.
 E = Time spent auto-exploring this place.
 F = Levels seen in this place.
 G = Mean time per level.
                   A        B        C        D        E       F      G
               +--------+--------+--------+--------+--------+-----+--------+
         Total |  20702 |  20702 |      0 |   8361 |    471 |  16 | 1293.9 |
       Dungeon |  20210 |  20210 |      0 |   8085 |    471 |  15 | 1347.3 |
        Depths |    492 |    492 |      0 |    276 |      0 |   1 |  492.0 |
               +--------+--------+--------+--------+--------+-----+--------+

Top non-repeatable levels by time:
    D:12: 2740 daAuts
    D:13: 2198 daAuts
    D:15: 2186 daAuts
    D:14: 1917 daAuts
    D:10: 1561 daAuts
     D:3: 1439 daAuts
     D:2: 1297 daAuts
     D:7: 1165 daAuts
     D:9: 1121 daAuts
     D:4: 951 daAuts
     D:1: 854 daAuts
     D:5: 778 daAuts
     D:6: 756 daAuts
    D:11: 681 daAuts
     D:8: 558 daAuts
